[Event "Nordic Chess-ch 2019"]
[Site "Sarpsborg"]
[Date "2019.06.22"]
[Round "2.10"]
[White "Getz, Nicolai"]
[Black "Ptacnikova, Lenka"]
[Result "1-0"]
[ECO "A05"]
[WhiteElo "2380"]
[BlackElo "2145"]
[Annotator "NA"]
[PlyCount "77"]
[EventDate "2019.06.21"]
[EventType "swiss"]
[EventCountry "NOR"]
[SourceTitle "playchess.com"]
[Source "ChessBase"]
[SourceQuality "1"]
[TimeControl "40/5400+30:1800+30"]

1. Nf3 c5 2. g3 g6 3. Bg2 Bg7 4. O-O Nf6 5. d3 Nc6 6. Nc3 O-O 7. a3 d6 8. Rb1 a5 9. a4 Bg4 10. h3 Bd7 11. Nd2 Rb8 12. Nc4 Nb4 13. Nb5 Bc6 14. c3 Bxg2 15. Kxg2 Nc6 16. e4 d5 17. exd5 Qxd5+ 18. Qf3 Qxf3+ 19. Kxf3 Nd5 20. Be3 b6 21. Rbd1 e5 22. Bc1 Rfd8 23. h4 h5 24. Bg5 Rd7 25. Rfe1 f6 26. Bc1 f5 27. Kg2 Bf6 28. Re2 Rbd8 29. Rde1 Nde7 30. Bg5 Bg7 31. f4 Rxd3 32. fxe5 Rb8 33. e6 Kf8 34. Bf4 Rb7 35. Rd2 Rxd2+ 36. Bxd2 Nd5 37. Bg5 Bf6 38. Ncd6 Re7 39. c4 1-0

[Event "Nordic Chess-ch 2019"]
[Site "Sarpsborg"]
[Date "2019.06.22"]
[Round "2.11"]
[White "Neretljak, Nedzad"]
[Black "Rydstrom, Tom"]
[Result "0-1"]
[ECO "C55"]
[WhiteElo "2114"]
[BlackElo "2370"]
[Annotator "ChessBase"]
[PlyCount "108"]
[EventDate "2019.06.21"]
[EventType "swiss"]
[EventCountry "NOR"]
[SourceTitle "playchess.com"]
[Source "ChessBase"]
[SourceQuality "1"]
[TimeControl "40/5400+30:1800+30"]

1. e4 e5 2. Nf3 Nc6 3. Bc4 Nf6 4. d3 h6 5. a4 d6 6. Nbd2 g6 7. Nf1 Bg7 8. Ng3 O-O 9. c3 Kh7 10. b4 a6 11. Ra2 d5 12. Bb3 Be6 13. h4 Kg8 14. Rd2 Qe7 15. h5 Rad8 16. hxg6 fxg6 17. Nh4 Qf7 18. O-O Kh7 19. Ba3 b5 20. axb5 axb5 21. Qe2 Bg4 22. f3 Be6 23. d4 dxe4 24. Bxe6 Qxe6 25. dxe5 Rxd2 26. Qxd2 Qxe5 27. f4 Qd6 28. Qe1 Re8 29. f5 g5 30. Ng6 Qd3 31. Bb2 Nd5 32. Nh5 Bf6 33. Rf3 Qc4 34. Rh3 e3 35. Nxf6+ Nxf6 36. Rxe3 Rxe3 37. Qxe3 Qd5 38. Nf8+ Kg8 39. Qe6+ Qxe6 40. Nxe6 Nd5 41. Kf2 Ne5 42. Ke2 Kf7 43. g3 Nc4 44. Bc1 Kf6 45. Nd4 Nd6 46. Bd2 h5 47. Be1 Ne7 48. Bf2 Nexf5 49. Kd3 Nxd4 50. Kxd4 Kf5 51. Be1 Kg4 52. Kd5 Kf3 53. Bd2 Ne4 54. Be1 Nxg3 0-1

[Event "Nordic Chess-ch 2019"]
[Site "Sarpsborg"]
[Date "2019.06.22"]
[Round "2.12"]
[White "Wahlund, Max"]
[Black "Vestby-Ellingsen, Mads"]
[Result "0-1"]
[ECO "A62"]
[WhiteElo "2103"]
[BlackElo "2345"]
[Annotator "ChessBase"]
[PlyCount "130"]
[EventDate "2019.06.21"]
[EventType "swiss"]
[EventCountry "NOR"]
[SourceTitle "playchess.com"]
[Source "ChessBase"]
[SourceQuality "1"]
[TimeControl "40/5400+30:1800+30"]

1. d4 Nf6 2. c4 e6 3. g3 c5 4. d5 exd5 5. cxd5 d6 6. Nf3 g6 7. Nc3 Bg7 8. Bg2 O-O 9. O-O Re8 10. Bf4 a6 11. a4 h6 12. Qc1 g5 13. Bd2 Bf5 14. h4 g4 15. Nh2 Kh7 16. e4 Bg6 17. Qd1 h5 18. f3 gxf3 19. Nxf3 Kg8 20. Bg5 Nbd7 21. e5 Nxe5 22. Nxe5 Rxe5 23. Bh3 Rxg5 24. hxg5 Nh7 25. Qd2 Nxg5 26. Bf5 Be5 27. Kg2 Kg7 28. Rae1 Qf6 29. Bc2 Qe7 30. Nd1 Bxc2 31. Qxc2 Qd7 32. Qf5 Qxf5 33. Rxf5 f6 34. Nc3 b5 35. Rf2 Rb8 36. axb5 axb5 37. Ra1 b4 38. Ra7+ Kg6 39. Nd1 Ne4 40. Re2 f5 41. Nf2 Nxf2 42. Kxf2 c4 43. Rc7 c3 44. bxc3 bxc3 45. Kf3 Rb5 46. Rxe5 dxe5 47. d6 Rd5 48. d7 c2 49. Rxc2 Rxd7 50. Rc8 Rd3+ 51. Kf2 Rd7 52. Kf3 Rg7 53. Re8 Kf6 54. Rf8+ Kg5 55. Re8 e4+ 56. Kf2 h4 57. gxh4+ Kf4 58. Rh8 e3+ 59. Ke2 Rg2+ 60. Kd3 Rd2+ 61. Kc3 Rd7 62. Re8 Kf3 63. h5 e2 64. h6 Kf2 65. h7 Rxh7 0-1

[Event "Nordic Chess-ch 2019"]
[Site "Sarpsborg"]
[Date "2019.06.22"]
[Round "2.13"]
[White "Ernst, Thomas"]
[Black "Sahl, Sheila Barth"]
[Result "1-0"]
[ECO "B47"]
[WhiteElo "2342"]
[BlackElo "2127"]
[Annotator "NA"]
[PlyCount "57"]
[EventDate "2019.06.21"]
[EventType "swiss"]
[EventCountry "NOR"]
[SourceTitle "playchess.com"]
[Source "ChessBase"]
[SourceQuality "1"]
[TimeControl "40/5400+30:1800+30"]

1. e4 c5 2. Nf3 e6 3. d4 cxd4 4. Nxd4 Nc6 5. Nc3 Qc7 6. g3 a6 7. Bg2 Nge7 8. Nb3 Ne5 9. O-O Nc4 10. Nd2 Nxd2 11. Bxd2 Nc6 12. Re1 Be7 13. Be3 b5 14. Nd5 Qd6 15. e5 Qb8 16. Nb6 a5 17. Bxc6 dxc6 18. Nxa8 Qxa8 19. Qg4 Kf8 20. Bg5 Qb7 21. Rad1 h5 22. Qh4 Bxg5 23. Qxg5 Bd7 24. h4 c5 25. Rd6 Be8 26. Red1 Qf3 27. Rd8 f6 28. Rxe8+ Kxe8 29. Qg6+ 1-0

[Event "Nordic Chess-ch 2019"]
[Site "Sarpsborg"]
[Date "2019.06.22"]
[Round "2.14"]
[White "Dingertz, Filip"]
[Black "Cederstam Barsk, Carl"]
[Result "0-1"]
[ECO "B12"]
[WhiteElo "1111"]
[BlackElo "2334"]
[Annotator "NA"]
[PlyCount "34"]
[EventDate "2019.06.21"]
[EventType "swiss"]
[EventCountry "NOR"]
[SourceTitle "playchess.com"]
[Source "ChessBase"]
[SourceQuality "1"]
[TimeControl "40/5400+30:1800+30"]

1. e4 c6 2. d4 d5 3. e5 Na6 4. Nf3 g6 5. Bg5 f6 6. exf6 exf6 7. Be3 Ne7 8. Qd2 Nc7 9. c4 Be6 10. b3 Nf5 11. Nc3 Qd7 12. a4 Bb4 13. Qd3 Nd6 14. Nd2 Bf5 15. Nce4 Nxe4 16. Qe2 O-O 17. Kd1 Nc3+ 0-1

[Event "Nordic Chess-ch 2019"]
[Site "Sarpsborg"]
[Date "2019.06.22"]
[Round "2.15"]
[White "Tryggestad, Andreas Garberg"]
[Black "Rishovd, Svein"]
[Result "1-0"]
[ECO "D41"]
[WhiteElo "2324"]
[BlackElo "2113"]
[Annotator "NA"]
[PlyCount "91"]
[EventDate "2019.06.21"]
[EventType "swiss"]
[EventCountry "NOR"]
[SourceTitle "playchess.com"]
[Source "ChessBase"]
[SourceQuality "1"]
[TimeControl "40/5400+30:1800+30"]

1. d4 d5 2. c4 e6 3. Nf3 Nf6 4. Nc3 c5 5. cxd5 Nxd5 6. e4 Nxc3 7. bxc3 cxd4 8. cxd4 Bb4+ 9. Bd2 Bxd2+ 10. Qxd2 O-O 11. Be2 b6 12. O-O Bb7 13. Qf4 Nc6 14. Rfd1 Qe7 15. Bb5 a6 16. Bf1 Rfd8 17. d5 Na5 18. d6 Qf6 19. Qe3 Rab8 20. Qxb6 Nc6 21. Bxa6 Ba8 22. Qc5 Nb4 23. Bb5 Bxe4 24. Nd4 Nc2 25. Nxc2 Rdc8 26. Qb4 Bxc2 27. Rdc1 Qe5 28. a4 Rd8 29. Qa3 Be4 30. Qe3 Qf5 31. d7 Bd5 32. Ra3 Qg6 33. f3 f5 34. Rac3 Rxb5 35. axb5 Rxd7 36. Rc7 Rd8 37. Rc8 Qf6 38. b6 h6 39. b7 Bxb7 40. Rxd8+ Qxd8 41. Qxe6+ Kh8 42. Qxf5 Qe8 43. Kh1 Bc6 44. Qd3 Qe7 45. Rd1 Be8 46. Qe4 1-0

[Event "Nordic Chess-ch 2019"]
[Site "Sarpsborg"]
[Date "2019.06.22"]
[Round "2.16"]
[White "Dragicevic, Drazen"]
[Black "Gonzalez, Francisco Silva"]
[Result "1-0"]
[ECO "D11"]
[WhiteElo "2359"]
[BlackElo "2095"]
[Annotator "NA"]
[PlyCount "91"]
[EventDate "2019.06.21"]
[EventType "swiss"]
[EventCountry "NOR"]
[SourceTitle "playchess.com"]
[Source "ChessBase"]
[SourceQuality "1"]
[TimeControl "40/5400+30:1800+30"]

1. Nf3 d5 2. d4 Nf6 3. g3 Bf5 4. Bg2 c6 5. O-O e6 6. c4 Nbd7 7. Qb3 Qb6 8. Nc3 Be7 9. c5 Qa6 10. Nh4 h6 11. Nxf5 exf5 12. Bf4 b6 13. cxb6 axb6 14. a3 h5 15. h4 O-O 16. Rac1 Rfc8 17. Rc2 Qc4 18. Qxc4 dxc4 19. Rd1 Ra5 20. d5 cxd5 21. Nxd5 Bc5 22. Nxf6+ Nxf6 23. Bb7 Re8 24. e3 Ra7 25. Bf3 Ng4 26. Rd5 g6 27. Rxc4 Kg7 28. b4 Be7 29. Rc7 Rxc7 30. Bxc7 Nf6 31. Rb5 Rc8 32. Bxb6 Rc1+ 33. Kg2 Ra1 34. Ra5 Ra2 35. Bd4 Kf8 36. Ra8+ Kg7 37. Bd5 Rd2 38. Ra7 Rxd4 39. exd4 Nxd5 40. Rd7 Bxb4 41. axb4 Nxb4 42. Rb7 Nd5 43. Rb5 Nc3 44. Rc5 Ne2 45. Rc4 Kf6 46. Kf1 1-0

[Event "Nordic Chess-ch 2019"]
[Site "Sarpsborg"]
[Date "2019.06.22"]
[Round "2.17"]
[White "Tunge, Christian"]
[Black "Kreken, Eivind Grunt"]
[Result "1-0"]
[ECO "A34"]
[WhiteElo "2027"]
[BlackElo "1784"]
[Annotator "NA"]
[PlyCount "65"]
[EventDate "2019.06.21"]
[EventType "swiss"]
[EventCountry "NOR"]
[SourceTitle "playchess.com"]
[Source "ChessBase"]
[SourceQuality "1"]
[TimeControl "40/5400+30:1800+30"]

1. c4 c5 2. g3 Nf6 3. Bg2 d5 4. cxd5 Nxd5 5. Nc3 Nc7 6. Qa4+ Bd7 7. Qc4 Nc6 8. Qxc5 e5 9. Qe3 Ne6 10. Nf3 Ncd4 11. O-O Nc2 12. Qxe5 Nxa1 13. d4 Nc2 14. d5 Nb4 15. dxe6 Bxe6 16. Rd1 Qb8 17. Qb5+ Nc6 18. Bf4 Qc8 19. Ne5 a6 20. Qa4 Be7 21. Nxc6 bxc6 22. Bxc6+ Kf8 23. Bxa8 Qxa8 24. Bd6 Bxd6 25. Rxd6 a5 26. Qh4 Ke8 27. Nb5 Qb8 28. a4 Qc8 29. Na7 Qc7 30. Qd4 Bh3 31. Nc6 Bd7 32. Qe5+ Kf8 33. Qe7+ 1-0

[Event "Nordic Chess-ch 2019"]
[Site "Sarpsborg"]
[Date "2019.06.22"]
[Round "2.18"]
[White "Henriksen, Morgan"]
[Black "Kristiansen, Rune Harald"]
[Result "0-1"]
[ECO "A53"]
[WhiteElo "1717"]
[BlackElo "1849"]
[Annotator "NA"]
[PlyCount "72"]
[EventDate "2019.06.21"]
[EventType "swiss"]
[EventCountry "NOR"]
[SourceTitle "playchess.com"]
[Source "ChessBase"]
[SourceQuality "1"]
[TimeControl "40/5400+30:1800+30"]

1. d4 d6 2. c4 Nf6 3. Nc3 Nbd7 4. e4 e5 5. Be3 c6 6. f3 Be7 7. Nh3 Qc7 8. Nf2 Nf8 9. d5 Ng6 10. Nd3 Bd7 11. Be2 h5 12. Qd2 c5 13. O-O a6 14. a4 a5 15. Bg5 Ng8 16. Bxe7 N8xe7 17. f4 f6 18. fxe5 dxe5 19. Qd1 h4 20. Bg4 b6 21. Bxd7+ Qxd7 22. Nb5 O-O-O 23. b4 h3 24. g3 cxb4 25. c5 Nxd5 26. exd5 Qxd5 27. Qf3 Qxf3 28. Rxf3 e4 29. Nd6+ Rxd6 30. cxd6 exf3 31. Rd1 Kd7 32. Nb2 Ne5 33. Kf2 Rc8 34. Rd2 b3 35. Nd1 Rc2 36. Ke3 Nc4+ 0-1

[Event "Nordic Chess-ch 2019"]
[Site "Sarpsborg"]
[Date "2019.06.22"]
[Round "2.19"]
[White "Fernandez, Juan Pablo"]
[Black "Eiding, Amanda Mai Irgens"]
[Result "1-0"]
[ECO "A25"]
[WhiteElo "2066"]
[BlackElo "1655"]
[Annotator "NA"]
[PlyCount "61"]
[EventDate "2019.06.21"]
[EventType "swiss"]
[EventCountry "NOR"]
[SourceTitle "playchess.com"]
[Source "ChessBase"]
[SourceQuality "1"]
[TimeControl "40/5400+30:1800+30"]

1. c4 e5 2. g3 Nc6 3. Nc3 Bc5 4. Bg2 a6 5. Nf3 d6 6. O-O Nf6 7. e3 Ba7 8. d4 Bg4 9. h3 exd4 10. exd4 Bxf3 11. Bxf3 O-O 12. Be3 Qc8 13. Bg2 Ne7 14. g4 c6 15. Bg5 Ng6 16. Qd2 Nd7 17. Rad1 h6 18. Be3 b5 19. Ne4 Bb8 20. Qb4 a5 21. Qc3 bxc4 22. d5 cxd5 23. Rxd5 Ra6 24. Rfd1 Nge5 25. Nxd6 Bxd6 26. Rxd6 Nd3 27. R1xd3 Rxd6 28. Rxd6 Qc7 29. Qd4 Nf6 30. Rxf6 gxf6 31. Bxh6 1-0

[Event "Nordic Chess-ch 2019"]
[Site "Sarpsborg"]
[Date "2019.06.22"]
[Round "2.20"]
[White "Strand, Vetle Bjorge"]
[Black "Blauhut, Holger"]
[Result "0-1"]
[ECO "D52"]
[WhiteElo "1609"]
[BlackElo "2041"]
[Annotator "NA"]
[PlyCount "151"]
[EventDate "2019.06.21"]
[EventType "swiss"]
[EventCountry "NOR"]
[SourceTitle "playchess.com"]
[Source "ChessBase"]
[SourceQuality "1"]
[TimeControl "40/5400+30:1800+30"]

1. d4 d5 2. c4 e6 3. Nc3 Nf6 4. Bg5 Nbd7 5. e3 c6 6. Nf3 Qa5 7. Nd2 Bb4 8. Qc1 dxc4 {[%emt 0:04:50] D52: Queen's Gambit Declined: Cambridge Springs Variation} 9. Bxf6 Nxf6 10. Nxc4 Qg5 (10... Qd5 11. Nd2 Qd8 12. a3 Be7 13. Be2 Qc7 14. Nc4 O-O 15. O-O b6 16. b4 {1-0 (56) Postny,E (2623)-Zifroni,D (2442) Israel 2019}) 11. Nd2 $146 ({Predecessor:} 11. a3 Bxc3+ 12. Qxc3 O-O 13. Ne5 Nd7 14. Nf3 Qe7 15. Be2 Re8 16. O-O {0-1 (50) Collas,S (2330)-Perez Candelario,M (2504) Campillos 2004}) 11... O-O 12. a3 Be7 13. g3 Rd8 14. Bg2 Qh6 15. Nce4 e5 16. Nxf6+ Bxf6 17. dxe5 Bxe5 18. O-O Bh3 19. Nc4 Bxg2 20. Kxg2 Bc7 21. Qc2 Qh5 22. Nd2 Rd6 23. Rad1 Rh6 24. h4 Qg4 25. Nf3 Rg6 26. Rd4 Qh5 27. Rd7 Rc8 28. Rfd1 h6 29. Qb3 Rf6 30. e4 Bb6 31. Rxb7 g5 32. hxg5 hxg5 33. Rh1 Qg6 34. e5 Rf5 35. Rf1 Rd8 36. Re7 Kf8 37. Rb7 c5 38. Qc2 g4 39. Nh4 Qc6+ 40. Kg1 Rh5 41. Rxb6 axb6 42. f3 gxf3 43. Nxf3 Qh6 44. Nh4 Rxh4 45. gxh4 Rd2 46. Qf5 Qg7+ 47. Qg5 Qxg5+ 48. hxg5 Ke7 49. b4 c4 50. Rc1 b5 51. Rc3 Rb2 (51... Ke6 $142 52. Rf3 Rd5) 52. Rc1 Ke6 53. Kf1 Kxe5 54. Ke1 Kf5 $2 (54... Kd4 $19 55. Rd1+ Ke3) 55. Kd1 $2 (55. Rd1 {was the only chance.}) 55... Ra2 (55... Ke4 $142 56. Rc3 Rb3) 56. Rc3 Kxg5 57. Kc1 f5 58. Kb1 Rg2 59. a4 bxa4 60. Rxc4 Rg4 61. Rc2 Rxb4+ 62. Kc1 a3 63. Ra2 Rb3 64. Kd1 f4 65. Ke1 f3 66. Ra1 Kg4 67. Kf2 Rb2+ 68. Ke3 a2 69. Rg1+ Rg2 70. Rc1 Kg3 71. Ke4 Rb2 72. Rg1+ Kh2 73. Ra1 Kg2 74. Kd3 f2 75. Kc3 Re2 76. Rd1 0-1

[Event "Nordic Chess-ch 2019"]
[Site "Sarpsborg"]
[Date "2019.06.22"]
[Round "2.21"]
[White "Hamre, Kenneth"]
[Black "Berisha, Xhafer"]
[Result "1-0"]
[ECO "A34"]
[WhiteElo "2033"]
[BlackElo "1340"]
[Annotator "NA"]
[PlyCount "85"]
[EventDate "2019.06.21"]
[EventType "swiss"]
[EventCountry "NOR"]
[SourceTitle "playchess.com"]
[Source "ChessBase"]
[SourceQuality "1"]
[TimeControl "40/5400+30:1800+30"]

1. c4 c5 2. Nc3 e6 3. Nf3 Nc6 4. g3 Nf6 5. Bg2 d6 6. O-O Be7 7. d4 b6 8. e4 O-O 9. d5 Na5 10. b3 e5 11. Ne1 Bg4 12. f3 Bd7 13. f4 Bg4 14. Qd3 Bh5 15. f5 Nd7 16. h3 f6 17. g4 Bf7 18. Nf3 a6 19. h4 h6 20. Kh2 Rb8 21. Rg1 Kh7 22. Bh3 Rg8 23. g5 fxg5 24. hxg5 Bh5 25. Bg4 g6 26. fxg6+ Bxg6 27. gxh6 Nf6 28. Ng5+ Kh8 29. Be6 Rf8 30. Be3 Nh5 31. Raf1 Rxf1 32. Qxf1 Bxg5 33. Rxg5 Kh7 34. Bf7 Nf4 35. Bxg6+ Kxh6 36. Rg4 Qf6 37. Bxf4+ exf4 38. Qh3+ Kg7 39. Bf5+ Kf8 40. Rg6 Qd4 41. Qh6+ Ke8 42. Rg8+ Kf7 43. Qe6# 1-0

[Event "Nordic Chess-ch 2019"]
[Site "Sarpsborg"]
[Date "2019.06.22"]
[Round "2.22"]
[White "Nilsen, Tobias Lang"]
[Black "Kro, Andreas Fuskeland"]
[Result "1-0"]
[ECO "C06"]
[WhiteElo "1986"]
[BlackElo "1565"]
[Annotator "NA"]
[PlyCount "105"]
[EventDate "2019.06.21"]
[EventType "swiss"]
[EventCountry "NOR"]
[SourceTitle "playchess.com"]
[Source "ChessBase"]
[SourceQuality "1"]
[TimeControl "40/5400+30:1800+30"]

1. e4 e6 2. d4 d5 3. Nd2 Nf6 4. e5 Nfd7 5. Bd3 c5 6. c3 Nc6 7. Ne2 Qb6 8. Nf3 Be7 9. O-O f6 10. exf6 Nxf6 11. Nf4 cxd4 12. cxd4 Bd6 13. Re1 Bxf4 14. Bxf4 Bd7 15. a3 O-O 16. Qd2 Na5 17. Rad1 Rac8 18. Ne5 Nb3 19. Qe3 Nxd4 20. Bxh7+ Kxh7 21. Rxd4 Be8 22. Qh3+ Kg8 23. Rb4 Qa6 24. Be3 Qd6 25. Bf4 Ne4 26. Ng6 Rxf4 27. Nxf4 Bf7 28. Qe3 b6 29. f3 Nc5 30. Nd3 a5 31. Rg4 Nxd3 32. Qxd3 Qc5+ 33. Qd4 Qxd4+ 34. Rxd4 Rc2 35. b4 Ra2 36. bxa5 Rxa3 37. axb6 Rb3 38. Kf2 Rxb6 39. Re2 Bg6 40. Kg3 Kf7 41. Kf4 Kf6 42. g4 Be8 43. h4 g6 44. g5+ Kf7 45. Re3 Rb1 46. Ke5 Rb6 47. Ra3 Rb7 48. Ra6 Bd7 49. Rf4+ Ke7 50. Rf6 Rb3 51. Rxg6 Rxf3 52. Rg7+ Ke8 53. Ra8+ 1-0

[Event "Nordic Chess-ch 2019"]
[Site "Sarpsborg"]
[Date "2019.06.22"]
[Round "2.23"]
[White "Pettersen, Morgan Buckholm"]
[Black "Unneland, Mathias"]
[Result "0-1"]
[ECO "E94"]
[WhiteElo "1508"]
[BlackElo "1980"]
[Annotator "NA"]
[PlyCount "64"]
[EventDate "2019.06.21"]
[EventType "swiss"]
[EventCountry "NOR"]
[SourceTitle "playchess.com"]
[Source "ChessBase"]
[SourceQuality "1"]
[TimeControl "40/5400+30:1800+30"]

1. d4 Nf6 2. c4 g6 3. Nc3 Bg7 4. e4 d6 5. Nf3 O-O 6. Be2 Na6 7. O-O e5 8. dxe5 dxe5 9. Qxd8 Rxd8 10. Nd5 Nxe4 11. Rd1 Re8 12. Ng5 Nf6 13. Nc3 h6 14. Nge4 Nxe4 15. Nxe4 f5 16. Nc3 c6 17. f3 Nb4 18. Bf1 e4 19. fxe4 fxe4 20. Rd6 Bf5 21. Bf4 Bf8 22. Rd2 Bc5+ 23. Kh1 e3 24. Rdd1 Kg7 25. Rac1 Rad8 26. Be2 Nd3 27. Bxd3 Bxd3 28. Re1 e2 29. Bg3 Be3 30. Ra1 Bd2 31. Rg1 Bxc4 32. Be1 Be3 0-1

[Event "Nordic Chess-ch 2019"]
[Site "Sarpsborg"]
[Date "2019.06.22"]
[Round "2.24"]
[White "Stellas, Dimitrios"]
[Black "Granholt, Morten"]
[Result "1-0"]
[ECO "D00"]
[WhiteElo "1976"]
[BlackElo "1478"]
[Annotator "NA"]
[PlyCount "33"]
[EventDate "2019.06.21"]
[EventType "swiss"]
[EventCountry "NOR"]
[SourceTitle "playchess.com"]
[Source "ChessBase"]
[SourceQuality "1"]
[TimeControl "40/5400+30:1800+30"]

1. d4 Nf6 2. Bf4 d5 3. e3 e6 4. Nd2 c5 5. c3 Bd6 6. Bg3 O-O 7. Ngf3 Bxg3 8. hxg3 cxd4 9. exd4 h6 10. Bd3 b6 11. Qe2 Nbd7 12. Ne5 Qc7 13. g4 Nh7 14. Ndf3 Qd8 15. O-O-O Ng5 16. Rh5 Nf6 17. Nxg5 1-0

[Event "Nordic Chess-ch 2019"]
[Site "Sarpsborg"]
[Date "2019.06.22"]
[Round "2.25"]
[White "Hanebuth, Katja"]
[Black "Dingertz, Erik"]
[Result "0-1"]
[ECO "A47"]
[WhiteElo "1463"]
[BlackElo "1969"]
[Annotator "NA"]
[PlyCount "88"]
[EventDate "2019.06.21"]
[EventType "swiss"]
[EventCountry "NOR"]
[SourceTitle "playchess.com"]
[Source "ChessBase"]
[SourceQuality "1"]
[TimeControl "40/5400+30:1800+30"]

1. d4 Nf6 2. Nf3 e6 3. e3 b6 4. g3 Bb7 5. Bg2 d5 6. b3 Nbd7 7. c4 Be7 8. O-O O-O 9. cxd5 exd5 10. Ba3 Bxa3 11. Nxa3 Qe7 12. Nc2 c5 13. Re1 Ne4 14. Qd3 Qf6 15. Rf1 a5 16. dxc5 bxc5 17. Qb5 Bc6 18. Qd3 Rab8 19. a4 Nc3 20. Nd2 Ne5 21. Qa6 Ra8 22. Qb6 Qd6 23. f4 Nd7 24. Nc4 Qe6 25. f5 Ne2+ 26. Kh1 Nxg3+ 27. Kg1 Ne2+ 28. Kh1 Qh6 29. Qc7 Rfc8 30. Qd6 dxc4 31. Qxh6 gxh6 32. bxc4 Bxg2+ 33. Kxg2 Ne5 34. Kf2 Nc3 35. Rg1+ Kf8 36. Ra3 Ne4+ 37. Ke2 Rd8 38. Na1 Rd2+ 39. Kf1 Rf2+ 40. Ke1 Nf3+ 41. Kd1 Rd8+ 42. Kc1 Nxg1 43. Rb3 Rdd2 44. f6 Rf1# 0-1

[Event "Nordic Chess-ch 2019"]
[Site "Sarpsborg"]
[Date "2019.06.22"]
[Round "2.26"]
[White "Schouten, Mathias Lind"]
[Black "Nordtug, Per Oistein"]
[Result "1-0"]
[ECO "B60"]
[WhiteElo "1967"]
[BlackElo "1456"]
[Annotator "NA"]
[PlyCount "53"]
[EventDate "2019.06.21"]
[EventType "swiss"]
[EventCountry "NOR"]
[SourceTitle "playchess.com"]
[Source "ChessBase"]
[SourceQuality "1"]
[TimeControl "40/5400+30:1800+30"]

1. e4 c5 2. Nf3 d6 3. d4 cxd4 4. Nxd4 Nc6 5. Nc3 Nf6 6. Bg5 Bd7 7. Be2 e5 8. Ndb5 Be6 9. Bxf6 Qxf6 10. Nc7+ Kd7 11. Nxa8 Be7 12. Nd5 Qg6 13. Nac7 Qxg2 14. Bf3 Qh3 15. Nxe6 fxe6 16. Nxe7 Kxe7 17. Rg1 g6 18. c3 Qxh2 19. Rg3 Rf8 20. Qe2 Rf6 21. O-O-O Qh6+ 22. Qe3 Qf8 23. Rh1 h5 24. Kd2 b6 25. Ke2 Na5 26. b3 Nb7 27. Rhg1 1-0

[Event "Nordic Chess-ch 2019"]
[Site "Sarpsborg"]
[Date "2019.06.22"]
[Round "2.27"]
[White "Skaar, Ben Samuel Groth"]
[Black "Tenold, Andreas"]
[Result "0-1"]
[ECO "B36"]
[WhiteElo "1362"]
[BlackElo "1959"]
[Annotator "NA"]
[PlyCount "60"]
[EventDate "2019.06.21"]
[EventType "swiss"]
[EventCountry "NOR"]
[SourceTitle "playchess.com"]
[Source "ChessBase"]
[SourceQuality "1"]
[TimeControl "40/5400+30:1800+30"]

1. e4 c5 2. Nf3 Nc6 3. d4 cxd4 4. Nxd4 g6 5. c4 Nf6 6. Nc3 d6 7. Be2 Nxd4 8. Qxd4 Bg7 9. Qd1 O-O 10. O-O Be6 11. Be3 Rc8 12. Qa4 Qd7 13. Qxa7 Bxc4 14. Bxc4 Rxc4 15. f3 Rfc8 16. Rac1 R4c6 17. Qa3 b5 18. Ne2 Rc4 19. Rxc4 bxc4 20. Rc1 d5 21. exd5 Nxd5 22. Bf2 Qb7 23. Bd4 e5 24. Bf2 Nb4 25. Be1 Nd3 26. Rb1 e4 27. fxe4 Qxe4 28. Ng3 Bd4+ 29. Kh1 Nf2+ 30. Bxf2 Qxb1+ 0-1

[Event "Nordic Chess-ch 2019"]
[Site "Sarpsborg"]
[Date "2019.06.22"]
[Round "2.28"]
[White "Holand, Per Fredrik"]
[Black "Asbjornsen, Jakob"]
[Result "1/2-1/2"]
[ECO "C26"]
[WhiteElo "1883"]
[BlackElo "1359"]
[Annotator "NA"]
[PlyCount "99"]
[EventDate "2019.06.21"]
[EventType "swiss"]
[EventCountry "NOR"]
[SourceTitle "playchess.com"]
[Source "ChessBase"]
[SourceQuality "1"]
[TimeControl "40/5400+30:1800+30"]

1. e4 e5 2. Nc3 Nf6 3. g3 Nc6 4. Bg2 Bc5 5. Nge2 d6 6. Na4 Bb6 7. Nxb6 axb6 8. O-O Be6 9. d4 Bc4 10. d5 Nd4 11. Nxd4 Bxf1 12. Bxf1 exd4 13. Bb5+ Kf8 14. Qxd4 Nd7 15. Bxd7 Qxd7 16. b3 Qg4 17. Bb2 h5 18. f3 Qg6 19. Qc4 Rc8 20. e5 dxe5 21. Bxe5 Qg5 22. Re1 Qd8 23. Qd4 Qg5 24. h4 Qg6 25. Re4 f6 26. Bf4 Kg8 27. c4 Kh7 28. Kf2 Rhe8 29. a4 Rxe4 30. Qxe4 Qxe4 31. fxe4 Kg6 32. Ke3 Kf7 33. Kd4 Ke7 34. e5 fxe5+ 35. Bxe5 g6 36. Bf4 Kf7 37. Kc3 c6 38. dxc6 Rxc6 39. Kb4 Ke6 40. Kb5 Kd7 41. b4 Kc8 42. c5 bxc5 43. bxc5 Kd7 44. a5 Ra6 45. Bb8 Ke6 46. Bc7 Rc6 47. Bf4 Kd5 48. Bd6 Ke6 49. Bf4 Kd7 50. Bd6 1/2-1/2

[Event "Nordic Chess-ch 2019"]
[Site "Sarpsborg"]
[Date "2019.06.22"]
[Round "2.29"]
[White "Stabbetorp, Jon Anders"]
[Black "Hoiom, Jonas"]
[Result "1-0"]
[ECO "B01"]
[WhiteElo "1817"]
[BlackElo "1317"]
[Annotator "NA"]
[PlyCount "73"]
[EventDate "2019.06.21"]
[EventType "swiss"]
[EventCountry "NOR"]
[SourceTitle "playchess.com"]
[Source "ChessBase"]
[SourceQuality "1"]
[TimeControl "40/5400+30:1800+30"]

1. e4 d5 2. exd5 Qxd5 3. Nf3 Nf6 4. d4 Bf5 5. c4 Qd8 6. Nc3 e6 7. g3 Nbd7 8. Bg2 c6 9. O-O Bb4 10. Qb3 Bxc3 11. bxc3 Qb6 12. Nh4 Bg6 13. Nxg6 hxg6 14. Ba3 O-O-O 15. Qa4 Qc7 16. Qxa7 Rh5 17. Bb4 Rdh8 18. h3 Nh7 19. Qa3 c5 20. Qa8+ Nb8 21. Bxc5 Ng5 22. h4 Rxh4 23. gxh4 Rxh4 24. Qxb7+ Qxb7 25. Bxb7+ Kxb7 26. Rfb1+ Kc8 27. a4 Nf3+ 28. Kg2 Nd2 29. Kg3 Rh5 30. Rh1 Rg5+ 31. Kf4 Rf5+ 32. Ke3 Nxc4+ 33. Ke2 g5 34. Rab1 Nd7 35. Rb4 Na5 36. Bd6 Rd5 37. Rh8+ 1-0

[Event "Nordic Chess-ch 2019"]
[Site "Sarpsborg"]
[Date "2019.06.22"]
[Round "2.30"]
[White "Kristiansen, Terje"]
[Black "Jashari, Driton"]
[Result "0-1"]
[ECO "A29"]
[WhiteElo "1330"]
[BlackElo "1755"]
[Annotator "NA"]
[PlyCount "52"]
[EventDate "2019.06.21"]
[EventType "swiss"]
[EventCountry "NOR"]
[SourceTitle "playchess.com"]
[Source "ChessBase"]
[SourceQuality "1"]
[TimeControl "40/5400+30:1800+30"]

1. c4 e5 2. Nc3 Nc6 3. Nf3 Nf6 4. g3 Bc5 5. Bg2 h6 6. O-O a6 7. a3 d6 8. Re1 O-O 9. e4 Bg4 10. d3 Nd4 11. Re3 c6 12. Ne2 Nxf3+ 13. Rxf3 Qd7 14. Be3 Bxf3 15. Bxf3 Bxe3 16. fxe3 b5 17. b3 bxc4 18. bxc4 Rab8 19. Nc3 Rb7 20. h3 Rfb8 21. Bg4 Nxg4 22. hxg4 Rb3 23. Qe1 Qxg4 24. Rb1 h5 25. Ne2 Rxb1 26. Nc1 R8b2 0-1

[Event "Nordic Chess-ch 2019"]
[Site "Sarpsborg"]
[Date "2019.06.22"]
[Round "2.31"]
[White "Holst, Conny"]
[Black "Skogheim, Ole Morten"]
[Result "1-0"]
[ECO "D34"]
[WhiteElo "2197"]
[BlackElo "1950"]
[Annotator "NA"]
[PlyCount "47"]
[EventDate "2019.06.21"]
[EventType "swiss"]
[EventCountry "NOR"]
[SourceTitle "playchess.com"]
[Source "ChessBase"]
[SourceQuality "1"]
[TimeControl "40/5400+30:1800+30"]

1. d4 d5 2. c4 e6 3. Nc3 c5 4. cxd5 exd5 5. Nf3 Nc6 6. g3 Nf6 7. Bg2 cxd4 8. Nxd4 Be7 9. O-O O-O 10. Bg5 h6 11. Be3 Re8 12. Rc1 Bg4 13. h3 Be6 14. Qa4 Bd7 15. Rfd1 Nb4 16. Qb3 a5 17. a4 Bc6 18. Ndb5 Qd7 19. Bd4 Rad8 20. e4 Qe6 21. Nc7 Qd7 22. Nxe8 Rxe8 23. Bxf6 Bxf6 24. exd5 1-0